 Dungeon Crawl Stone Soup version 0.30-a0-591-g3c58d2bc28 (webtiles) character file.

Game seed: 11833680901346626293

1127 zero the Magician (level 8, -3/40 (43) HPs)
             Began as a Deep Elf Earth Elementalist on Jan 4, 2023.
             Slain by a wight
             ... wielding a +4 great sword of freezing
              (5 damage)
             ... on level 6 of the Dungeon.
             The game lasted 00:04:54 (4634 turns).

zero the Magician (Deep Elf Earth Elementalist)     Turns: 4634, Time: 00:04:54

HP:   -3/40 (43)    AC:  6    Str:  5    XL:     8   Next: 13%
MP:   23/29         EV: 14    Int: 23    God:
Gold: 183           SH:  0    Dex: 15    Spells: 14/20 levels left

rFire   + . .      SeeInvis .    r - +4 short sword (flame)
rCold   . . .      Faith    .    (no shield)
rNeg    + . .      Spirit   .    x - +2 robe {rN+}
rPois   .          Reflect  .    (no helmet)
rElec   .          Harm     .    (no cloak)
rCorr   .          Rampage  .    e - +1 pair of gloves of Articulation {-Tele rF+ Will+ Slay+6}
Will    ++...      NoTele   +    (no boots)
Stlth   ++                       (no amulet)
HPRegen 0.26/turn                h - ring of willpower
MPRegen 0.21/turn                p - ring of magical power

@: drained
A: no striking features
a: no special abilities


You were on level 6 of the Dungeon.
You visited 2 branches of the dungeon, and saw 7 of its levels.

You collected 183 gold pieces.

Inventory:

Hand Weapons
 q - a +0 vampiric dagger
 r - a +4 short sword of flaming (weapon)
Armour
 e - the +1 pair of gloves of Articulation (worn) {-Tele rF+ Will+ Slay+6}
   (You found it on level 3 of the Dungeon)

   Slay:      It affects your accuracy & damage with ranged weapons and melee
   (+6).
   rF:        It protects you from fire.
   -Tele:     It prevents most forms of teleportation.
   Will:      It increases your willpower.
 x - a +2 robe of positive energy (worn)
Jewellery
 h - a ring of willpower (left hand)
 p - a ring of magical power (right hand)
 u - a ring of fire
Wands
 w - a wand of roots (8)
 A - a wand of acid (8)
Scrolls
 f - 4 scrolls of enchant weapon {unknown}
 g - 2 scrolls of blinking {unknown}
 j - a scroll of enchant armour {unknown}
 k - 2 scrolls of teleportation {unknown}
 m - a scroll of fog {unknown}
 n - 5 scrolls of identify {unknown}
 o - 2 scrolls of silence {unknown}
 t - a scroll of amnesia {unknown}
 v - a scroll of fear {unknown}
 y - a scroll of summoning {unknown}
Potions
 a - a potion of mutation {unknown}
 b - a potion of magic
 c - a potion of ambrosia {unknown}
 d - a potion of brilliance {unknown}
 i - 2 potions of curing
 l - 2 potions of lignification {unknown}
 s - a potion of haste {unknown}
 z - a potion of flight {unknown}


   Skills:
 - Level 1.0 Fighting
 + Level 4.8 Dodging
 - Level 3.0 Stealth
 + Level 6.8 Spellcasting
 + Level 4.2 Conjurations
 + Level 4.0 Necromancy
 - Level 1.1 Transmutations
 + Level 6.2 Earth Magic


You had 14 spell levels left.
You knew the following spells:

 Your Spells              Type           Power      Damage    Failure   Level
a - Sandblast             Erth           72%        2d16      1%          1
b - Stone Arrow           Conj/Erth      62%        3d10      2%          3
c - Passwall              Tmut/Erth      20%        N/A       2%          2

Your spell library contained the following spells:

 Spells                   Type           Power      Damage    Failure   Level
 Shock                    Conj/Air       68%        1d7       3%          1
 Petrify                  Tmut/Erth      24%        N/A       17%         4


Dungeon Overview and Level Annotations

Branches:
Dungeon (6/15)             Temple (1/1) D:5

Altars:
Cheibriados
Dithmenos
Elyvilon
Okawaru
Sif Muna
Trog
Uskayaw
Vehumet
Wu Jian
Xom
Yredelemnul
Lugonu

Shops:
D:2 =:   D:4 *


Message History

An orc and 2 wights come into view.
A wight is wielding a +4 great sword of freezing.
There are monsters nearby!
The blast of sand hits the wight.
The wight is lightly damaged.
The wight closely misses you.
Casting: Sandblast (safe; 1% risk of failure)
Confirm with . or Enter, or press ? or * to list all spells.
Aiming: Stone Arrow (dangerous; 2% risk of failure)
Press: ? - help, Shift-Dir - straight line, f/p - wight
Aim: a wight, wielding a +0 hand axe and wearing a +0 robe (lightly damaged, 74% to hit)
The stone arrow misses the wight.
The orc shouts!
You hear a shout!
The wight barely misses you. The wight closely misses you.
The wight barely misses you.
An orc wizard comes into view. It is wielding a +0 dagger.
An orc comes into view. It is wielding a +0 dagger.
Casting: Stone Arrow (dangerous; 2% risk of failure)
Confirm with . or Enter, or press ? or * to list all spells.
Aiming: Stone Arrow (dangerous; 2% risk of failure)
Press: ? - help, Shift-Dir - straight line, f/p - wight
Aim: a wight, wielding a +0 hand axe and wearing a +0 robe (lightly damaged, 74% to hit)
The stone arrow hits the wight!
The wight is severely damaged.
The orc shouts!
The wight hits you with a +4 great sword of freezing!
The wight freezes you.
The wight hits you from afar with a +0 trident!
You partially resist.
You feel drained. The wight hits you with a +0 hand axe!
* * * LOW HITPOINT WARNING * * *
The orc wizard mumbles some strange words.
The orc wizard flickers and vanishes!
Deactivating autopickup; reactivate with Ctrl-A.
You feel better.
The wight hits you with a +4 great sword of freezing!
* * * LOW HITPOINT WARNING * * *
You partially resist.
You feel drained.
* * * LOW HITPOINT WARNING * * *
The wight freezes you.
You die...

#### #..## #...#....#
######...#....
#........#...#########
#..z@....#...##...#..#
#..z##..##...##.......
#.z.##..##...##....#..
#...#.......)#....##..
##..##.......#....###'
#o. #.......#........
o.. #.......#........
.{. #..###..####.###'
#..# #..####.###.


You could see 3 wights and 2 orcs.

Vanquished Creatures
  Menkaure (D:5)
  2 water moccasins (D:4)
  A phantom (D:4)
  Blork the orc (D:5)
  2 scorpions (D:4)
  2 wights
  A jelly (D:4)
  An orc priest (D:4)
  2 iguanas
  4 orc wizards
  Terence (D:3)
  8 adders
  2 white imps
  4 dart slugs
  10 orcs
  8 ball pythons
  6 endoplasms
  4 giant cockroaches
  9 goblins
  10 hobgoblins
  4 quokkas
  4 bats
  3 frilled lizards
  12 kobolds
  5 rats
107 creatures vanquished.

Notes
Turn   | Place    | Note
-------+----------+-------------------------------------------
     0 | D:1      | zero the Deep Elf Earth Elementalist began the quest for
                  | the Orb.
     0 | D:1      | Reached XP level 1. HP: 10/10 MP: 6/6
   178 | D:1      | Reached XP level 2. HP: 10/15 MP: 4/8
   338 | D:1      | Reached skill level 1 in Conjurations
   460 | D:1      | Reached XP level 3. HP: 19/19 MP: 5/10
   466 | D:1      | Learned a level 3 spell: Stone Arrow
   800 | D:2      | Found Tycinosh's Book Shop.
  1063 | D:2      | Found Cikhaaps's Distillery.
  1325 | D:2      | Found Haisk's Jewellery Boutique.
  1522 | D:3      | Reached XP level 4. HP: 20/24 MP: 9/12
  1724 | D:3      | Reached skill level 5 in Spellcasting
  1747 | D:3      | Found a snail-covered altar of Cheibriados.
  1895 | D:3      | Learned a level 2 spell: Passwall
  1953 | D:3      | Identified the +1 pair of gloves of Articulation {-Tele rF+
                  | Will+ Slay+6}
  2127 | D:3      | Reached XP level 5. HP: 21/28 MP: 12/14
  2207 | D:3      | Found a shimmering blue altar of Sif Muna.
  2212 | D:3      | Reached skill level 5 in Earth Magic
  2240 | D:3      | Got Sif Muna's Dissertation on Destruction
  2245 | D:3      | Found a bloodstained altar of Trog.
  2246 | D:3      | Noticed Terence
  2254 | D:3      | Killed Terence
  2623 | D:4      | Reached skill level 1 in Necromancy
  2660 | D:4      | Reached XP level 6. HP: 33/33 MP: 15/15
  2800 | D:4      | Reached skill level 1 in Fighting
  3066 | D:4      | Reached XP level 7. HP: 38/38 MP: 17/17
  3122 | D:4      | Found Sanysch's Serpentskin Sales.
  3531 | D:5      | Entered Level 5 of the Dungeon
  3531 | D:5      | Noticed Menkaure
  3535 | D:5      | Killed Menkaure
  3743 | D:5      | Found a staircase to the Ecumenical Temple.
  3792 | Temple   | Entered the Ecumenical Temple
  3916 | D:5      | Noticed Blork the orc
  3919 | D:5      | Killed Blork the orc
  3920 | D:5      | Reached XP level 8. HP: 43/43 MP: 19/19
  4155 | D:5      | Found a radiant altar of Vehumet.
  4634 | D:6      | HP: 2/40 [wight/+4 great sword of freezing (2)]
  4634 | D:6      | Slain by a wight

Illustrated notes

Levels and vault maps discovered:
D:1:      dpeg_arrival_connections, layout_rooms
D:2:      layout_basic, serial_shops, shop, shop, shop
D:3:      layout_basic, nzn_overflow_gifts_of_might_and_magic,
          general_overflow_altar
D:4:      layout_rooms, guppyfry_shop_venom
D:5:      layout_basic, vehumet_crystals, minmay_temple_entry_sparse_star,
          grunt_decor_arrowhead, moated_statue, uniq_menkaure,
          uniq_blork_the_orc
D:6:      layout_gridville, kennysheep_mini, uniq_duvessa, uniq_grinder,
          uniq_prince_ribbit1
Temple:   corrupted_temple

Skill      XL: |  1  2  3  4  5  6  7  8 |
---------------+-------------------------+-----
Conjurations   | 1 2 3 4 |  4.2
Spellcasting   | 4 5 6 |  6.8
Earth Magic    | 4 5 6 |  6.2
Necromancy     | 1 2 3 4 |  4.0
Dodging        | 3 4 |  4.8
Stealth        | 3 |  3.0
Fighting       | 1 |  1.0
Transmutations | |  1.1

Action                   |  1- 3 |  4- 6 |  7- 9 || total
-------------------------+-------+-------+-------++-------
Melee: Unarmed           |     2 |       |       ||     2
       Whip              |    19 |       |       ||    19
       Dagger            |       |     1 |       ||     1
       Short sword       |       |     5 |       ||     5
 Cast: Sandblast         |    59 |    49 |    17 ||   125
       Stone Arrow       |       |    10 |    21 ||    31
  Use: Potion            |       |       |     2 ||     2
 Stab: Sleeping          |     1 |     1 |       ||     2
Armor: Robe              |    10 |     4 |     3 ||    17
Dodge: Dodged            |    36 |    19 |    24 ||    79

Table legend: (Time is in decaauts)
 A = Elapsed time spent in this place.
 B = Non-inter-level travel time spent in this place.
 C = Inter-level travel time spent in this place.
 D = Time resting spent in this place.
 E = Time spent auto-exploring this place.
 F = Levels seen in this place.
 G = Mean time per level.
                   A        B        C        D        E       F      G
               +--------+--------+--------+--------+--------+-----+--------+
         Total |   4698 |   4405 |    293 |    815 |   2945 |   7 |  671.1 |
       Dungeon |   4658 |   4377 |    281 |    815 |   2925 |   6 |  776.3 |
        Temple |     40 |     28 |     12 |      0 |     20 |   1 |   40.0 |
               +--------+--------+--------+--------+--------+-----+--------+

Top non-repeatable levels by time:
     D:3: 1101 daAuts
     D:5: 941 daAuts
     D:4: 884 daAuts
     D:2: 835 daAuts
     D:1: 767 daAuts
     D:6: 128 daAuts
  Temple: 40 daAuts
